 Dungeon Crawl Stone Soup version 0.27-a0-906-g0a00ce863d (webtiles) character file.

Game seed: 14541540379046586500

79 Alarkh the Insei (level 4, -7/35 HPs)
             Began as a Demonspawn Gladiator on Apr 7, 2021.
             Mangled by Grinder (10 damage)
             ... while paralysed by Grinder
             ... on level 3 of the Dungeon.
             The game lasted 00:01:49 (1385 turns).

Alarkh the Insei (Demonspawn Gladiator)             Turns: 1385, Time: 00:01:49

Health: -7/35      AC:  5    Str: 14    XL:     4   Next: 16%
Magic:  4/4        EV:  2    Int: 10    God:
Gold:   65         SH:  0    Dex: 15    Spells: 3/3 levels left

rFire    . . .     SeeInvis .     - Unarmed
rCold    . . .     Faith    .   (no shield)
rNeg     + . .     Spirit   .   a - +0 leather armour
rPois    .         Reflect  .   b - +0 helmet
rElec    .         Harm     .   (no cloak)
rCorr    .         Rampage  .   (no gloves)
Will     .....                  j - +0 pair of boots
Stlth    +.........             (no amulet)
HPRegen  0.11/turn              h - +4 ring of slaying
MPRegen  0.18/turn              q - ring of positive energy

@: paralysed
A: claws 1, magic regeneration
a: no special abilities


You were on level 3 of the Dungeon.
You visited 1 branch of the dungeon, and saw 3 of its levels.

You collected 89 gold pieces.
You spent 24 gold pieces at shops.

Inventory:

Missiles
 c - 3 throwing nets (quivered)
Armour
 a - a +0 leather armour (worn)
 b - a +0 helmet (worn)
 j - a +0 pair of boots (worn)
Jewellery
 h - a +4 ring of slaying (left claw)
 k - a ring of ice
 q - a ring of positive energy (right claw)
Wands
 s - a wand of paralysis (12)
Scrolls
 e - a scroll of teleportation {unknown}
 f - a scroll of fog {unknown}
 g - a scroll of amnesia {unknown}
 i - a scroll of noise
 l - a scroll of enchant weapon {unknown}
 m - 2 scrolls of vulnerability
 r - a scroll of identify
Potions
 d - a potion of heal wounds
 n - a potion of lignification {unknown}
 o - a potion of resistance {unknown}
 p - a potion of flight {unknown}


   Skills:
 + Level 3.0 Fighting
 - Level 1.7 Throwing
 - Level 2.6 Dodging
 * Level 4.1 Unarmed Combat


You had 3 spell levels left.
You didn't know any spells.
Your spell library contained the following spells:

 Spells                   Type           Power      Damage    Failure   Level
 Magic Dart               Conj           0%         1d3       43%         1
 Blink                    Tloc           N/A        N/A       58%         2
 Call Imp                 Summ           0%         N/A       58%         2
 Slow                     Hex            0%         N/A       58%         2
 Confusing Touch          Hex            0%         N/A       82%         3
 Conjure Flame            Conj/Fire      0%         6-21      82%         3
 Gell's Gravitas          Tloc           0%         N/A       82%         3
 Mephitic Cloud           Conj/Pois/Air  0%         N/A       82%         3
 Petrify                  Tmut/Erth      0%         N/A       99%         4
 Metabolic Englaciation   Hex/Ice        0%         N/A       100%        5
 Yara's Violent Unravell  Hex/Tmut       0%         3d3       100%        5


Dungeon Overview and Level Annotations

Branches:
Dungeon (3/15)

Altars:

Shops:
D:2 *

Annotations:
D:3 Grinder, Ijyb


Innate Abilities, Weirdness & Mutations

You have sharp fingernails.
You regenerate magic rapidly.


Message History

You claw the adder!
You kill the adder!
Your Fighting skill increases to level 3!
You scratch the hobgoblin.
The hobgoblin is moderately wounded.
An endoplasm comes into view.
The endoplasm quivers.
You claw the hobgoblin!
You kill the hobgoblin!
Ijyb the Twisted Goblin comes into view.
She is wielding a +0 club and carrying a wand of charming (4).
Found a ring mail.
You see here a +0 leather armour.
Grinder hits you but does no damage.
There are monsters nearby!
There are monsters nearby!
Okay, then.
You scratch Grinder.
Grinder is lightly wounded.
Grinder closely misses you.
You scratch Grinder.
Grinder is moderately wounded.
Grinder closely misses you.
You scratch Grinder.
Grinder is moderately wounded.
Grinder gestures at you.
You suddenly lose the ability to move!
Grinder gestures at you.
You shrug off the repeated paralysis!
Grinder hits you!
You writhe in agony.
Grinder hits you.
You writhe in agony.
Grinder hits you!
* * * LOW HITPOINT WARNING * * *
You writhe in agony.
* * * LOW HITPOINT WARNING * * *
Grinder hits you.
* * * LOW HITPOINT WARNING * * *
You writhe in agony.
* * * LOW HITPOINT WARNING * * *
Grinder hits you!
You die...

.. ...# ...# [..# ....#.
#....# +...♣..♣ .♣...+
#....#.g #....#
#....##J##....#
#......♣5.....# ....
..#........@....# ...#
..#.........[...#
...###.#...........†?#
.#..#..#######'#######.>
........#........<......
........................
..#..........#.##.......
.............#..#######.
..#...............(...


You could see Grinder, Ijyb and an endoplasm.

Vanquished Creatures
  A bullfrog skeleton (D:3)
  An adder (D:3)
  6 endoplasms
  2 giant cockroaches (D:1)
  3 goblins
  5 hobgoblins
  A kobold (D:1)
  2 quokkas (D:2)
  3 ball pythons
  6 bats
  5 frilled lizards
  6 rats
41 creatures vanquished.

Notes
Turn   | Place    | Note
-------+----------+-------------------------------------------
     0 | D:1      | Alarkh the Demonspawn Gladiator began the quest for the
                  | Orb.
     0 | D:1      | Reached XP level 1. HP: 16/16 MP: 1/1
    25 | D:1      | Found a faded altar of an unknown god.
    58 | D:1      | Reached skill level 3 in Unarmed Combat
   294 | D:1      | Gained mutation: You have sharp fingernails. [demonic
                  | ancestry]
   294 | D:1      | Reached XP level 2. HP: 22/22 MP: 2/2
   866 | D:2      | Reached XP level 3. HP: 26/28 MP: 3/3
  1157 | D:2      | Found Dioprox's General Store.
  1160 | D:2      | Bought a scroll of identify for 24 gold pieces
  1351 | D:3      | Reached skill level 4 in Unarmed Combat
  1351 | D:3      | Gained mutation: You regenerate magic rapidly. [demonic
                  | ancestry]
  1351 | D:3      | Reached XP level 4. HP: 29/34 MP: 4/4
  1371 | D:3      | Noticed Grinder
  1375 | D:3      | Noticed Ijyb
  1379 | D:3      | Paralysed by Grinder for 6 turns
  1385 | D:3      | Mangled by Grinder

Illustrated notes

Levels and vault maps discovered:
D:1:      ncdulo_wetmaze, layout_rooms, basic_ecumenical_altar,
          nrook_mini_backslash, chequers_serial_rivers_small_3
D:2:      layout_rooms, serial_shops, nicolae_shop_behind_doors,
          minmay_hexomino_c4
D:3:      layout_rooms, serial_shops, nicolae_shop_stone,
          kennysheep_generic_room_2, uniq_terence, uniq_grinder, uniq_ijyb

Skill      XL: |  1  2  3  4 |
---------------+-------------+-----
Unarmed Combat | 3 4 |  4.1
Fighting       | 3 |  3.0
Throwing       | |  1.7
Dodging        | |  2.6

Action                   |  1- 3 |  4- 6 || total
-------------------------+-------+-------++-------
Melee: Unarmed           |    99 |     9 ||   108
       Punch             |     1 |       ||     1
  Use: Scroll            |     3 |       ||     3
Armor: Leather armour    |    35 |     1 ||    36
Dodge: Dodged            |    65 |     6 ||    71

Table legend: (Time is in decaauts)
 A = Elapsed time spent in this place.
 B = Non-inter-level travel time spent in this place.
 C = Inter-level travel time spent in this place.
 D = Time resting spent in this place.
 E = Time spent auto-exploring this place.
 F = Levels seen in this place.
 G = Mean time per level.
                   A        B        C        D        E       F      G
               +--------+--------+--------+--------+--------+-----+--------+
         Total |   1389 |   1326 |     63 |    135 |    936 |   3 |  463.0 |
       Dungeon |   1389 |   1326 |     63 |    135 |    936 |   3 |  463.0 |
               +--------+--------+--------+--------+--------+-----+--------+

Top non-repeatable levels by time:
     D:1: 747 daAuts
     D:2: 586 daAuts
     D:3: 55 daAuts
